 Dungeon Crawl Stone Soup version 0.25-a0-356-g7c9d860 (webtiles) character file.

Game seed: 10961838708063156609, levelgen mode: deterministic

597797 Dietz the Politician (level 27, -16/202 HPs)
             Began as a Kobold Hunter on Jan 3, 2020.
             Was a Priest of Lugonu.
             Killed from afar by Koezur the pandemonium lord (29 damage)
             ... with damnation
             ... on level 1 of the Dungeon on Jan 4, 2020.
             The game lasted 07:18:08 (124285 turns).

Dietz the Politician (Kobold Hunter)              Turns: 124285, Time: 07:18:08

Health: -16/202    AC: 17    Str: 25 (26) XL:     27
Magic:  37/38      EV: 27    Int: 13 (19) God:    Lugonu [***...]
Gold:   2261       SH:  4    Dex: 13 (16) Spells: 23/26 levels left

rFire    + + .     SeeInvis +   z - +7 pair of quick blades "Gyre" and "Gimble" {protect}
rCold    + . .     Gourm    .   (shield currently unavailable)
rNeg     . . .     Faith    +   Z - +3 ring mail of Limited Liability {rF++ Str+4 Stlth+}
rPois    .         Spirit   .   L - +0 helmet of the Mackerel {rElec}
rElec    +         Reflect  .   m - +2 cloak {MR+}
rCorr    .         Harm     .   t - +2 pair of gloves {Str+3}
MR       +++..                  l - +2 pair of boots
Stlth    +++.......             G - amulet of faith
HPRegen  0.43/turn              W - +3 ring of slaying
MPRegen  0.26/turn              n - ring of Tuebbe {rC+ Int+4 SInv}

@: hasted, very quick
A: small, claws 1, large bone plates 1, blink, carnivore, clever 1, clumsy 1,
deformed body, deterioration 2, robust 1, screaming 2
0: Orb of Zot
}: 3/15 runes: decaying, abyssal, gossamer
a: Blink, Depart the Abyss, Bend Space, Banish, Renounce Religion


You were on level 1 of the Dungeon.
You worshipped Lugonu.
Lugonu was most pleased with you.
You were hungry.

You visited 10 branches of the dungeon, and saw 49 of its levels.
You visited the Abyss 2 times.
You also visited: Ossuary, Ice Cave, Volcano and Wizlab.

You collected 6002 gold pieces.
You spent 3741 gold pieces at shops.

Inventory:

Hand Weapons
 a - a +9 rapier of distortion
 b - a +9 hand crossbow of velocity
 r - the +6 falchion of Pisucso {flame, rElec MR+ Int-2 Stlth+}
   (You found it on level 3 of the Depths)

   It has been specially enchanted to burn those struck by it, causing extra
   injury to most foes and up to half again as much damage against particularly
   susceptible opponents.
   Big, fiery blades are also staple armaments of hydra-hunters.
   It affects your intelligence (-2).
   It insulates you from electricity.
   It affects your resistance to hostile enchantments.
   It makes you more stealthy.
 z - the +7 pair of quick blades "Gyre" and "Gimble" (weapon) {protect}
   (You took it off a deep elf sorcerer on level 3 of the Elven Halls)

   It grants its wielder temporary protection when it strikes (+7 to AC).
 J - the +12 dagger "Leydud" {pierce, rPois rN+ MR- MP+9 Dex+4}
   (You found it on level 1 of the Spider Nest)

   It inflicts extra damage upon your enemies.
   It affects your dexterity (+4).
   It protects you from poison.
   It protects you from negative energy.
   It affects your resistance to hostile enchantments.
   It affects your magic capacity (+9).
Missiles
 d - 1145 bolts
Armour
 l - a +2 pair of boots (worn)
 m - a +2 cloak of magic resistance (worn)
 t - a +2 pair of gloves of strength (worn)
 v - the +0 mask of the Dragon {MR+ Slay+3 SInv}
   (You found it on level 3 of the Elven Halls)

   It affects your accuracy and damage with ranged weapons and melee attacks
   (+3).
   It affects your resistance to hostile enchantments.
   It lets you see invisible.
 K - +7 swamp dragon scales
 L - the +0 helmet of the Mackerel (worn) {rElec}
   (You found it on level 2 of the Abyss)

   It insulates you from electricity.
 Z - the +3 ring mail of Limited Liability (worn) {rF++ Str+4 Stlth+}
   (You found it on level 1 of the Spider Nest)

   It affects your strength (+4).
   It greatly protects you from fire.
   It makes you more stealthy.
Jewellery
 c - an uncursed ring of positive energy
 h - the ring "Qeugey" {Fire MR+ Int+3 Stlth+}
   (You found it on level 1 of the Realm of Zot)

   [ring of fire]

   It enhances your fire magic.
   It affects your intelligence (+3).
   It protects you from fire.
   It makes you vulnerable to cold.
   It affects your resistance to hostile enchantments.
   It makes you more stealthy.
 j - an uncursed ring of poison resistance
 n - the ring of Tuebbe (right hand) {rC+ Int+4 SInv}
   (You took it off a deep elf blademaster on level 3 of the Elven Halls)

   [ring of see invisible]

   It affects your intelligence (+4).
   It protects you from cold.
   It lets you see invisible.
 q - the ring of Uxeasteetu {rF+ rC+ Dex-2}
   (You bought it in a shop on level 2 of the Depths)

   [ring of dexterity]

   It affects your dexterity (-2).
   It protects you from fire.
   It protects you from cold.
 w - an uncursed ring of resist corrosion
 E - an uncursed amulet of the acrobat
 G - an amulet of faith (around neck)
 O - a +3 ring of slaying
 W - a +3 ring of slaying (left hand)
Wands
 p - a wand of iceblast (6)
 s - a wand of digging (5)
 A - a wand of clouds (7)
 R - a wand of enslavement (18)
 S - a wand of paralysis (31)
 V - a wand of acid (31)
Scrolls
 e - 3 scrolls of torment
 g - 2 scrolls of blinking
 o - 23 scrolls of remove curse
 u - 23 scrolls of teleportation
 C - 3 scrolls of silence
 M - 15 scrolls of identify
 X - 4 scrolls of fear
 Y - 3 scrolls of fog
Potions
 i - 6 potions of might
 k - 3 potions of curing
 x - 5 potions of mutation
 B - 6 potions of flight
 H - a potion of cancellation
 I - 3 potions of resistance
 Q - 6 potions of agility
 T - 3 potions of berserk rage
Miscellaneous
 y - a phantom mirror
 N - a phial of floods (inert)
Comestibles
 f - 68 rations


   Skills:
 + Level 21.8 Fighting
 O Level 27 Short Blades
 - Level 20.0 Crossbows
 - Level 5.0 Armour
 - Level 20.0 Dodging
 - Level 22.0 Stealth
   Level 5.6 Shields
 - Level 22.0 Invocations
 - Level 5.0 Evocations


You had 23 spell levels left.
You knew the following spells:

 Your Spells              Type           Power        Failure   Level  Hunger
a - Slow                  Hex            #.......     56%         2    ###....
b - Apportation           Tloc           #.....       41%         1    ##.....

Your spell library contained the following spells:

 Spells                   Type           Power        Failure   Level  Hunger
 Animate Skeleton         Necr           N/A          41%         1    ##.....
 Beastly Appendage        Tmut           #.....       41%         1    ##.....
 Corona                   Hex            #......      41%         1    ##.....
 Foxfire                  Conj/Fire      #...         41%         1    ##.....
 Freeze                   Ice            #...         41%         1    ##.....
 Infusion                 Chrm           #...         41%         1    ##.....
 Magic Dart               Conj           #...         41%         1    ##.....
 Pain                     Necr           #...         41%         1    ##.....
 Shock                    Conj/Air       #...         41%         1    ##.....
 Sting                    Tmut/Pois      #...         41%         1    ##.....
 Summon Butterflies       Summ           #.......     41%         1    ##.....
 Blink                    Tloc           N/A          56%         2    ###....
 Call Imp                 Summ           #.......     56%         2    ###....
 Corpse Rot               Necr/Air       N/A          56%         2    ###....
 Ensorcelled Hibernation  Hex/Ice        #.....       56%         2    ###....
 Poisonous Vapours        Pois/Air       #.....       56%         2    ###....
 Searing Ray              Conj           #.....       56%         2    ###....
 Shroud of Golubria       Chrm/Tloc      #.....       56%         2    ###....
 Song of Slaying          Chrm           #.......     56%         2    ###....
 Sticks to Snakes         Tmut           #.......     56%         2    ###....
 Swiftness                Chrm/Air       #.......     56%         2    ###....
 Confuse                  Hex            #.......     80%         3    ####...
 Conjure Flame            Conj/Fire      #.......     80%         3    ####...
 Dazzling Flash           Conj/Hex       #.....       80%         3    ####...
 Ignite Poison            Fire/Tmut/Pois #.......     80%         3    ####...
 Inner Flame              Hex/Fire       #.......     80%         3    ####...
 Lesser Beckoning         Tloc           #.........   80%         3    ####...
 Mephitic Cloud           Conj/Pois/Air  #.......     80%         3    ####...
 Ozocubu's Armour         Chrm/Ice       #.......     80%         3    ####...
 Recall                   Summ/Tloc      N/A          80%         3    ####...
 Regeneration             Chrm/Necr      #.........   80%         3    ####...
 Spectral Weapon          Hex/Chrm       #.......     80%         3    ####...
 Spider Form              Tmut/Pois      #.........   80%         3    ####...
 Static Discharge         Conj/Air       #.......     80%         3    ####...
 Stone Arrow              Conj/Erth      #.....       80%         3    ####...
 Tukima's Dance           Hex            #.......     80%         3    ####...
 Vampiric Draining        Necr           #.........   80%         3    ####...
 Airstrike                Air            #.........   99%         4    #####..
 Animate Dead             Necr           N/A          99%         4    #####..
 Cause Fear               Hex            #.........   99%         4    #####..
 Fulminant Prism          Conj/Hex       #.........   99%         4    #####..
 Hailstorm                Conj/Ice       #.......     99%         4    #####..
 Ice Form                 Ice/Tmut       #.......     99%         4    #####..
 Iskenderun's Mystic Bla  Conj/Tloc      #.......     99%         4    #####..
 Leda's Liquefaction      Hex/Erth       #.........   99%         4    #####..
 Olgreb's Toxic Radiance  Pois           #.......     99%         4    #####..
 Sticky Flame             Conj/Fire      #.......     99%         4    #####..
 Summon Ice Beast         Ice/Summ       #.......     99%         4    #####..
 Alistair's Intoxication  Tmut/Pois      #.......     100%        5    ######.
 Blade Hands              Tmut           #.........   100%        5    ######.
 Bolt of Magma            Conj/Fire/Erth #.........   100%        5    ######.
 Borgnjor's Vile Clutch   Necr/Erth      #.........   100%        5    ######.
 Fireball                 Conj/Fire      #.........   100%        5    ######.
 Irradiate                Conj/Tmut      #.........   100%        5    ######.
 Lightning Bolt           Conj/Air       #.........   100%        5    ######.
 Silence                  Hex/Air        #.........   100%        5    ######.
 Summon Forest            Summ/Tloc      #.........   100%        5    ######.
 Yara's Violent Unravell  Hex/Tmut       #.........   100%        5    ######.
 Death Channel            Necr           #.........   100%        6    #######
 Deflect Missiles         Chrm/Air       #.........   100%        6    #######
 Eringya's Noxious Bog    Tmut/Pois      #.........   100%        6    #######
 Hydra Form               Tmut           #.........   100%        6    #######
 Invisibility             Hex            #.......     100%        6    #######
 Iron Shot                Conj/Erth      #.........   100%        6    #######
 Simulacrum               Ice/Necr       #.........   100%        6    #######
 Statue Form              Tmut/Erth      #........    100%        6    #######
 Dragon Form              Tmut           #.........   100%        7    #######
 Haunt                    Necr/Summ      #.........   100%        7    #######
 Summon Hydra             Summ           #.........   100%        7    #######
 Borgnjor's Revivificati  Necr           #.........   100%        8    #######
 Death's Door             Chrm/Necr      #.........   100%        8    #######
 Discord                  Hex            #.........   100%        8    #######
 Infestation              Necr           #.........   100%        8    #######
 Necromutation            Tmut/Necr      #.........   100%        8    #######
 Shatter                  Erth           #.........   100%        9    #######


Dungeon Overview and Level Annotations

Branches:
Dungeon (15/15)            Temple (1/1) D:6            Lair (6/6) D:11
  Swamp (4/4) Lair:4       Spider (4/4) Lair:2        Slime (0/5) Lair:6
    Orc (2/2) D:11            Elf (3/3) Orc:2        Vaults (4/5) D:13
  Crypt (0/3) Vaults:3     Depths (5/5) D:15            Zot (5/5) Depths:5
Ossuary (visited)           IceCv (visited)         Volcano (visited)
 WizLab (visited)

Altars:
Ashenzari
Cheibriados
Dithmenos
Elyvilon
Fedhas
Gozag
Hepliaklqana
Kikubaaqudgha
Makhleb
Nemelex Xobeh
Okawaru
Qazlal
Ru
Sif Muna
Trog
Uskayaw
Vehumet
Wu Jian
Xom
Yredelemnul
Zin
The Shining One
Beogh
Jiyva
Lugonu

Shops:
D:5 *   D:6 :   D:7 *[}   D:8 *   D:9 *   D:12 *   Orc:2 [(*(   Elf:1 }
Elf:2 [   Vaults:4 *   Depths:2 }}*=   Depths:3 (?=:

Portals:
Hell: Depths:1 Depths:2 Depths:3 Depths:4 Depths:5
Abyss: Depths:1 Depths:4 Depths:5
Pandemonium: Depths:2 Depths:3
Ziggurat: Depths:3
Trove: D:15 (give +4 storm dragon scales)

Annotations:
Swamp:4 exclusion: 2 oklob plants
Spider:2 exclusion: 2 oklob plants
Elf:1 1 transporter
Vaults:4 Frederick, Sojobo
Zot:1 2 transporters, Qauwn's ghost, legendary FoFi
Zot:5 corrupted, exclusion: obsidian statue


Innate Abilities, Weirdness & Mutations

You are small and have problems with some larger weapons.
You are carnivorous and can eat meat at any time.
You have sharp fingernails.
You are partially covered in large bone plates. (SH +4)
You can translocate small distances at will.
Your mind is acute. (Int +2)
You are clumsy. (Dex -2)
Armour fits poorly on your strangely shaped body.
Your body often deteriorates upon taking damage.
You are robust. (+10% HP)
You sometimes yell uncontrollably at your foes.


Message History

Your body deteriorates!
You feel dopey.
Your water elemental hits Koezur.
Koezur hits your water elemental.
Your water elemental hits Koezur.
Koezur hits your water elemental.
Your water elemental hits Koezur!
Koezur blinks!
You feel yourself speed up. Koezur hits you but does no damage.
You writhe in agony.
* * * LOW HITPOINT WARNING * * *
Press: ? - help, v - describe, . - travel
Here: Koezur, armed with a painful touch (moderately wounded)
The floor.
Koezur gestures at you.
The sphere of damnation explodes!
The damnation engulfs you!!
* * * LOW HITPOINT WARNING * * *
Unknown command.
Okay, then.
Space bends sharply around you!
You blink.
Koezur gestures at you.
The sphere of damnation explodes!
The damnation engulfs you!!
You die...

#.# #.#.# #.# #.# ##### #.#
#.#.###.# #.# ....#
#.###....##.####.# ....#
#................. ....#
#..##♣♣♣.♣♣♣##...# ....# #..# ♣⌠♣
#...# ....# #..♣♣♣♣♣.♣♣♣♣♣..##
#..#############E.&.§⌠.<.⌠.....#
#.......§&&§§...@.♣♣♣♣♣.♣♣♣♣♣..##
#........§#§####..# ♣⌠♣ #..##
#.#######§#§# #..##♣♣♣.♣♣♣##..##
#.# ##.#.# #...............## #.#
####....########.#.##.###.###
#.###...........# #......# #....
#......&.....##.######.#### #####
#.....#.)..............# ##
#..######....#######.#.# ##.


You could see Koezur and a friendly water elemental.

Vanquished Creatures
  4 orbs of fire
  Mennas (Depths:4)
  Mara (Depths:2)
  A juggernaut (Depths:2)
  2 ancient liches (Zot:5)
  Bai Suzhen (Vaults:3)
  5 Killer Klowns (Zot:5)
  A curse toe (Zot:4)
  7 golden dragons
  Arachne (Spider:3)
  A Brimstone Fiend (D:2)
  A bone dragon (Depths:5)
  2 Tzitzimimeh (Depths:3)
  6 liches
  4 electric golems
  Jorgrun (Abyss:1)
  9 tentacled monstrosities
  20 Orb Guardians
  4 quicksilver dragons
  2 deep elf blademasters (Elf:3)
  2 sphinxes
  A deep elf master archer (Elf:3)
  7 tentacled starspawn
  2 tengu reavers
  Agnes (Lair:2)
  4 death cobs
  5 thorn hunters
  5 shadow dragons
  A revenant (Abyss:2)
  8 storm dragons
  Roxanne (Swamp:2)
  3 draconian monks
  6 deep elf sorcerers
  5 fire giants
  A draconian knight (Zot:5)
  8 vault wardens
  4 ghost moths
  8 draconian scorchers
  9 frost giants
  3 balrugs
  2 emperor scorpions
  2 ghouls (Swamp:4)
  4 draconian annihilators
  5 draconian shifters
  6 draconian stormcallers
  5 deep elf elementalists (Elf:3)
  11 stone giants
  6 ironheart preservers
  A starcursed mass (Abyss:2)
  10 entropy weavers
  An entropy weaver (shapeshifter) (Depths:2)
  20 very ugly things
  10 green draconians
  4 vampire knights
  Azrael (Orc:2)
  7 deep elf annihilators (Elf:3)
  7 deep elf demonologists
  12 black draconians
  9 purple draconians
  7 white draconians
  9 red draconians
  8 yellow draconians
  5 spark wasps
  6 ettins
  A green death (Abyss:2)
  A merfolk javelineer (Depths:4)
  6 fire dragons
  A blizzard demon (Abyss:4)
  3 deep elf high priests (Elf:3)
  A merfolk impaler (Depths:5)
  5 deep elf death magi
  4 rakshasas
  10 yaktaur captains
  7 great orbs of eyes
  Fannar (Orc:1)
  Harold (D:7)
  6 ice dragons
  The ghost of Ukatuu the Protected, a journeyman HuFi of Okawaru (Lair:1)
  2 vault guards (D:13)
  21 hydras
  2 spriggan air magi
  A ghost crab (Swamp:1)
  A shambling mangrove (Swamp:3)
  8 centaur warriors
  12 alligators
  54 two-headed ogres
  2 death knights
  4 deep troll shamans
  A queen ant (Spider:2)
  23 dancing weapons
  12 thrashing horrors
  A death yak (shapeshifter) (Depths:2)
  4 tengu warriors
  10 deep troll earth magi
  13 ogre magi
  3 death yaks (Lair:3)
  An orc high priest (Orc:2)
  3 spriggan berserkers (Depths:4)
  A soul eater (Depths:3)
  21 deep elf knights
  4 sun demons
  A storm dragon zombie (Vaults:4)
  Nergalle (Lair:1)
  5 skeletal warriors
  2 sixfirhies
  9 hell knights
  4 wretched stars
  A fire crab (Volcano)
  3 spatial maelstroms
  3 unseen horrors
  20 deep trolls
  4 wizards
  4 glowing orange brains
  8 swamp dragons
  4 shadow demons
  3 flayed ghosts
  8 ironbrand convokers
  3 spectral hydras
  3 spriggan druids
  An orange crystal statue (Zot:5)
  11 necromancers
  An orb spider (shapeshifter) (Vaults:2)
  5 phantasmal warriors
  Pikel (D:5)
  A lindwurm (Volcano)
  A golden dragon skeleton (Depths:2)
  9 deep elf archers
  14 orc knights
  62 deep elf magi
  A lindwurm (shapeshifter) (Vaults:4)
  An orc sorcerer (Orc:2)
  A fire giant zombie (Vaults:4)
  5 cyclopes
  3 manticores
  16 orb spiders
  41 wolf spiders
  2 stone giant zombies
  35 ugly things
  2 salamanders
  A moth of wrath (shapeshifter) (Depths:4)
  28 moths of wrath
  A black mamba (shapeshifter) (Depths:2)
  6 black mambas
  An apocalypse crab (Abyss:4)
  A fire giant skeleton (Depths:2)
  A guardian serpent (shapeshifter) (Elf:3)
  2 molten gargoyles (Volcano)
  A rust devil (Abyss:2)
  6 elephants (Lair:5)
  9 vault sentinels
  2 ice statues (IceCv)
  6 smoke demons
  Psyche (D:8)
  A spriggan skeleton (Depths:2)
  A torpor snail (Spider:1)
  An orange demon (Abyss:2)
  15 spiny frogs
  2 kobold demonologists (D:15)
  3 efreet
  3 rime drakes
  16 demonic crawlers
  A tormentor (WizLab)
  6 ice devils (IceCv)
  29 yaktaurs
  3 hellwings
  A rime drake (shapeshifter) (Vaults:2)
  5 freezing wraiths
  10 komodo dragons
  2 tengu conjurers (Depths:1)
  3 death drake zombies (Swamp:4)
  26 jumping spiders
  5 ancient zymes
  A meliai (shapeshifter) (Elf:2)
  A yaktaur skeleton (Vaults:4)
  4 polar bears
  A queen bee (shapeshifter) (Vaults:3)
  A polar bear (shapeshifter) (Elf:1)
  8 trolls
  A hydra zombie (Swamp:4)
  3 hydra skeletons (Swamp:4)
  3 red devils
  3 meliai (Spider:2)
  8 tyrant leeches
  5 bog bodies
  30 blink frogs
  18 hornets
  35 slime creatures
  A blink frog (shapeshifter) (D:15)
  A hippogriff (shapeshifter) (Vaults:2)
  2 raiju (shapeshifter)
  10 raiju
  A flying skull (Abyss:4)
  3 dream sheep
  13 hippogriffs
  2 shadows
  4 ynoxinuls (Abyss:2)
  96 redbacks
  35 tarantellas
  58 yaks
  A stone giant simulacrum (Depths:2)
  15 spriggans
  A yak (shapeshifter) (D:15)
  2 air elementals (Elf:1)
  2 vampires
  11 water elementals
  3 wraiths
  9 wyverns
  7 basilisks
  A fire bat (Volcano)
  2 humans (shapeshifter)
  17 humans (D:13)
  19 large abominations
  A hog (shapeshifter) (Depths:4)
  3 golden eyes (Abyss:4)
  6 fire elementals
  A steam dragon (D:13)
  2 hungry ghosts (D:11)
  A golden eye (shapeshifter) (Vaults:1)
  5 neqoxecs
  A yaktaur simulacrum (Vaults:3)
  Menkaure (D:7)
  3 chaos spawn
  6 spatial vortices
  3 human simulacra
  16 vampire mosquitoes
  4 wargs
  4 insubstantial wisps
  A naga (shapeshifter) (Vaults:4)
  12 swamp worms
  A warg (shapeshifter) (Depths:1)
  2 acid dragons
  25 soldier ants (Spider:2)
  16 water moccasins
  5 hydra simulacra (Swamp:4)
  5 floating eyes
  8 porcupines
  7 hell hounds
  49 orc warriors
  5 swamp drakes
  4 sky beasts
  4 black bears
  4 human zombies
  An ice beast (D:13)
  A slave (D:5)
  36 ogres
  A black bear (shapeshifter) (Vaults:4)
  An eye of draining (D:11)
  A phantom (D:12)
  12 boggarts
  A swamp dragon zombie (Swamp:4)
  23 centaurs
  16 small abominations
  21 wolves
  11 crocodiles
  7 big kobolds
  13 bullfrogs
  4 earth elementals
  A gnoll sergeant (D:6)
  A wyvern skeleton (D:7)
  3 water moccasin zombies (Ossuary)
  7 scorpions
  12 killer bees
  6 wights
  A howler monkey (D:10)
  A vampire bat (Orc:2)
  7 electric eels
  A bullfrog zombie (D:10)
  5 centaur zombies
  2 lava snakes (Volcano)
  2 quasits (Abyss:2)
  3 crimson imps
  8 hounds
  2 jellies
  27 orc priests
  4 bullfrog skeletons
  A hound (shapeshifter) (Depths:2)
  26 orc wizards
  Crazy Yiuf (D:5)
  5 centaur skeletons
  2 iron imps
  Jessica (D:2)
  6 iguanas
  A spriggan simulacrum (IceCv)
  2 troll simulacra (IceCv)
  27 worker ants
  4 big kobold zombies (Ossuary)
  A hound skeleton (D:6)
  4 mummies
  8 adders
  6 gnolls
  5 naga simulacra (IceCv)
  2 ogre simulacra (IceCv)
  7 shadow imps
  13 white imps
  2 ufetubi (Abyss:2)
  An ooze (D:6)
  3 adder zombies (Ossuary)
  2 worms
  3 dart slugs
  5 leopard geckos
  131 orcs
  9 giant cockroaches
  4 gnoll zombies (Ossuary)
  6 goblins
  7 hobgoblins
  30 kobolds
  2 quokkas (D:2)
  2 ball pythons
  15 bats
  6 frilled lizards
  8 hobgoblin zombies
  A jackal skeleton (D:9)
  4 kobold zombies (Ossuary)
  A leopard gecko skeleton (D:6)
  7 orc zombies
  A quokka skeleton (D:4)
  A quokka zombie (D:5)
  6 rats
  3 briar patches (Swamp:4)
  A crawling corpse (Elf:3)
  2 starspawn tentacles (Abyss:1)
2336 creatures vanquished.

Vanquished Creatures (collateral kills)
  Xtahua (Vaults:4)
  An Orb Guardian (Zot:5)
  2 jumping spiders (Spider:3)
  A redback (Spider:3)
  A steam dragon (Volcano)
  A hell hound (Volcano)
7 creatures vanquished.

Vanquished Creatures (others)
  An orb of fire (Zot:5)
  An ancient lich (Zot:5)
  A Killer Klown (Zot:5)
  A curse toe (Zot:5)
  A tentacled monstrosity (Zot:5)
  7 Orb Guardians (Zot:5)
  A deep elf master archer (Elf:3)
  A quicksilver dragon (Zot:5)
  A tentacled starspawn (Abyss:1)
  2 sphinxes
  A storm dragon (Zot:5)
  3 death cobs
  A tengu reaver (Depths:2)
  A thorn hunter (Swamp:3)
  An orc warlord (Vaults:4)
  A draconian shifter (Depths:5)
  A deep elf sorcerer (Elf:3)
  An emperor scorpion (Spider:2)
  3 very ugly things
  2 stone giants
  A ghoul (Swamp:4)
  An ironheart preserver (Vaults:4)
  An entropy weaver (Spider:1)
  A green draconian (Zot:1)
  A purple draconian (Zot:5)
  A red draconian (Depths:5)
  A spark wasp (shapeshifter) (Vaults:3)
  2 spark wasps
  An ettin (Depths:2)
  2 yaktaur captains
  An ogre mage (Vaults:4)
  A deep elf high priest (Elf:1)
  A rakshasa (Vaults:2)
  A vault guard (D:13)
  2 ice dragons
  2 ghost crabs
  A shambling mangrove (Swamp:3)
  4 two-headed ogres
  5 alligators
  A dancing weapon (Elf:2)
  A deep elf knight (Elf:1)
  A hell knight (Depths:3)
  A sun demon (WizLab)
  2 skeletal warriors (Vaults:1)
  An unseen horror (shapeshifter) (Vaults:3)
  A wizard (Vaults:2)
  A swamp dragon (Swamp:4)
  An ugly thing (D:12)
  4 orc knights (Vaults:4)
  A necromancer (Vaults:3)
  A wolf spider (Spider:2)
  3 deep elf magi
  A cyclops (D:12)
  A moth of wrath (Zot:5)
  A yaktaur (Vaults:3)
  A tormentor (WizLab)
  A jumping spider (Spider:2)
  2 hornets
  4 slime creatures
  A death drake skeleton (Swamp:4)
  A redback (Spider:3)
  2 yaks (D:12)
  A human (D:13)
  A hungry ghost (D:12)
  2 vampire mosquitoes
  A hell hound (Volcano)
  A swamp drake (Swamp:4)
  An orc warrior (Vaults:4)
  An elf zombie (Vaults:4)
  An ogre (Vaults:2)
  A hound (D:6)
  An orc wizard (Orc:2)
  5 briar patches (Swamp:4)
  A crawling corpse (Elf:3)
  22 fungi
  2 lurking horrors
  41 plants
  18 starspawn tentacles
196 creatures vanquished.

Grand Total: 2539 creatures vanquished

Notes
Turn   | Place    | Note
-------+----------+-------------------------------------------
     0 | D:1      | Dietz the Kobold Hunter began the quest for the Orb.
     0 | D:1      | Reached XP level 1. HP: 12/12 MP: 1/1
   164 | D:1      | Reached skill level 1 in Short Blades
   164 | D:1      | Reached skill level 5 in Crossbows
   172 | D:1      | Reached XP level 2. HP: 15/17 MP: 2/2
   611 | D:1      | Reached skill level 2 in Short Blades
   696 | D:1      | Reached XP level 3. HP: 15/21 MP: 3/3
  1115 | D:2      | Noticed Jessica
  1120 | D:2      | Killed Jessica
  1120 | D:2      | Reached skill level 3 in Short Blades
  1120 | D:2      | Reached XP level 4. HP: 26/26 MP: 4/4
  1130 | D:2      | Identified Jessica's Handbook of Beguiling
  1321 | D:2      | Found a blossoming altar of Fedhas.
  2764 | D:3      | Reached XP level 5. HP: 29/30 MP: 5/5
  3111 | D:3      | Reached skill level 4 in Short Blades
  3111 | D:3      | Reached skill level 1 in Shields
  3307 | D:4      | Found a white marble altar of Elyvilon.
  3341 | D:4      | Found an ancient bone altar of Kikubaaqudgha.
  3376 | D:4      | Reached XP level 6. HP: 17/35 MP: 6/6
  3510 | D:4      | Found a sand-covered staircase.
  3525 | Ossuary  | Entered an ossuary
  3857 | Ossuary  | Reached skill level 5 in Short Blades
  3861 | Ossuary  | Reached XP level 7. HP: 12/40 MP: 7/7
  4762 | D:5      | Entered Level 5 of the Dungeon
  4787 | D:5      | Reached skill level 6 in Short Blades
  5065 | D:5      | You fall into a shaft and drop 3 floors!
  5155 | D:8      | Found Zin's Purification Station.
  5160 | D:8      | Found a glowing silver altar of Zin.
  5326 | D:8      | Noticed a wyvern
  5369 | D:8      | Reached XP level 8. HP: 44/44 MP: 8/8
  5390 | D:8      | Found an opulent altar of Gozag.
  5425 | D:6      | Found a shadowy altar of Dithmenos.
  5682 | D:5      | Found a snail-covered altar of Cheibriados.
  5759 | D:5      | Found a runed translucent door.
  5760 | D:5      | Noticed Crazy Yiuf
  5982 | D:5      | Found a basalt altar of Yredelemnul.
  5998 | D:5      | Found Vocsokae's Assorted Antiques.
  6034 | D:5      | Bought a scroll labeled GOLUDE KORUCU for 26 gold pieces
  6034 | D:5      | Bought 3 scrolls labeled PIOMUGH VELETT for 78 gold pieces
  6034 | D:5      | Bought a scroll labeled GOLUDE KORUCU for 26 gold pieces
  6034 | D:5      | Bought a scroll labeled GOLUDE KORUCU for 26 gold pieces
  6394 | D:5      | Reached skill level 7 in Short Blades
  6934 | D:5      | Killed Crazy Yiuf
  7019 | D:5      | HP: 2/66 [poisoned by a scorpion]
  7425 | D:6      | Found a staircase to the Ecumenical Temple.
  7629 | Temple   | Entered the Ecumenical Temple
  7664 | Temple   | Became a worshipper of Lugonu the Unformed
  7664 | Temple   | Reached * piety under Lugonu
  7800 | D:6      | Found Ruahy's Book Shoppe.
  7801 | D:6      | Noticed Pikel
  8018 | D:6      | Found a shimmering altar of Xom.
  8018 | D:6      | Found a shimmering altar of Xom.
  8019 | D:6      | Found a shimmering altar of Xom.
  8019 | D:6      | Found a shimmering altar of Xom.
  8019 | D:6      | Found a shimmering altar of Xom.
  8116 | D:5      | Killed Pikel
  8116 | D:5      | Reached skill level 8 in Short Blades
  8116 | D:5      | Reached XP level 9. HP: 39/48 MP: 9/9
  8254 | D:6      | Found a shattered altar of Ashenzari.
  8320 | D:6      | Reached skill level 5 in Shields
  8667 | D:7      | Found Ridaypp's Gadget Boutique.
  8694 | D:7      | Found a sacrificial altar of Ru.
  8973 | D:6      | Reached skill level 9 in Short Blades
  9162 | D:7      | Noticed Harold
  9814 | D:7      | Noticed a two-headed ogre
  9899 | D:7      | Found Muamekk's General Store.
  9979 | D:7      | Noticed Menkaure
 10007 | D:7      | Killed Menkaure
 10020 | D:7      | Found Herawym's Antique Armour Emporium.
 10407 | D:8      | Reached skill level 10 in Crossbows
 10834 | D:8      | Noticed Psyche
 11132 | D:9      | Found Huips's General Store.
 11140 | D:9      | Bought a potion of lignification for 45 gold pieces
 11391 | D:9      | Found a shimmering blue altar of Sif Muna.
 11500 | D:9      | Reached XP level 10. HP: 38/56 MP: 10/10
 11740 | D:8      | Reached skill level 10 in Short Blades
 11875 | D:9      | Reached ** piety under Lugonu
 12655 | D:8      | Killed Psyche
 12710 | D:8      | Reached skill level 1 in Invocations
 12936 | D:8      | Reached skill level 5 in Dodging
 13004 | D:8      | Reached skill level 5 in Fighting
 13290 | D:9      | Found a glowing golden altar of the Shining One.
 13424 | D:7      | Bought a slimy robe for 131 gold pieces
 13434 | D:7      | Identified the cursed +1 robe "Ogampoiz" {MR+ rCorr Dex+4}
                  | (You bought it in a shop on level 7 of the Dungeon)
 13528 | D:7      | Killed Harold
 13968 | D:7      | Killed a two-headed ogre
 13968 | D:7      | Reached XP level 11. HP: 46/66 MP: 12/14
 14224 | D:9      | Reached skill level 5 in Invocations
 14744 | D:9      | Found a sparkling altar of Nemelex Xobeh.
 15009 | D:9      | Found a radiant altar of Vehumet.
 15556 | D:9      | Found a bloodstained altar of Trog.
 15709 | D:10     | Entered Level 10 of the Dungeon
 15901 | D:10     | Reached *** piety under Lugonu
 16771 | D:10     | Reached skill level 5 in Stealth
 17882 | D:10     | Noticed a three-headed hydra
 18000 | D:10     | Killed a three-headed hydra
 18397 | D:10     | Reached XP level 12. HP: 46/71 MP: 18/18
 18757 | D:11     | Reached **** piety under Lugonu
 18777 | D:11     | Noticed a six-headed hydra
 18785 | D:11     | Killed a six-headed hydra
 19143 | D:11     | Noticed a two-headed ogre
 19228 | D:11     | Reached skill level 10 in Dodging
 19232 | D:11     | Learned a level 2 spell: Slow
 19644 | D:11     | Found a staircase to the Lair.
 19941 | D:11     | Killed a two-headed ogre
 20586 | D:11     | Found a staircase to the Orcish Mines.
 20598 | Orc:1    | Entered Level 1 of the Orcish Mines
 20823 | Orc:1    | Reached ***** piety under Lugonu
 21170 | Orc:2    | Entered Level 2 of the Orcish Mines
 21449 | Orc:2    | Reached skill level 10 in Invocations
 21451 | Orc:2    | Reached skill level 10 in Stealth
 21652 | Orc:2    | Noticed Azrael
 21956 | Orc:2    | Found a staircase to the Elven Halls.
 21978 | Orc:2    | Found a roughly hewn altar of Beogh.
 22066 | Orc:2    | Found a roughly hewn altar of Beogh.
 22099 | Orc:2    | Found a roughly hewn altar of Beogh.
 22146 | Orc:2    | Found a roughly hewn altar of Beogh.
 22162 | Orc:2    | Reached skill level 11 in Short Blades
 22162 | Orc:2    | Reached XP level 13. HP: 69/76 MP: 20/20
 22980 | Orc:2    | Found a roughly hewn altar of Beogh.
 23300 | Orc:2    | Found Ryakoret's Antique Weapon Shoppe.
 23307 | Orc:2    | Bought a transparent dagger for 259 gold pieces
 23307 | Orc:2    | Identified the +5 dagger of Watchfulness {venom, +Rage
                  | Int+5 Dex+3} (You bought it in a shop on level 2 of the
                  | Orcish Mines)
 23404 | D:11     | Identified 3 scrolls of acquirement
 23704 | Orc:2    | Killed Azrael
 24175 | Orc:1    | Noticed Fannar
 24215 | Orc:1    | Killed Fannar
 24215 | Orc:1    | Reached skill level 12 in Short Blades
 24411 | Orc:2    | Found a roughly hewn altar of Beogh.
 24412 | Orc:2    | Found Sohuci's Assorted Antiques.
 24588 | Orc:2    | Bought a purple potion for 29 gold pieces
 24588 | Orc:2    | Bought a scroll labeled DETAFO JIASY for 33 gold pieces
 24783 | Orc:2    | Noticed an orc warlord
 24810 | Orc:2    | Banished an orc warlord
 25171 | Orc:2    | Reached ****** piety under Lugonu
 25781 | Orc:2    | Found Giroemm's Antique Weapon Shoppe.
 25783 | Orc:2    | Found a roughly hewn altar of Beogh.
 25783 | Orc:2    | Found Koemaluc's Antique Armour Emporium.
 25806 | Orc:2    | Bought a colourful robe for 171 gold pieces
 25816 | Orc:2    | Identified the +2 robe of the Blizzard {rElec} (You bought
                  | it in a shop on level 2 of the Orcish Mines)
 25921 | Lair:1   | Entered Level 1 of the Lair of Beasts
 25973 | Lair:1   | Reached skill level 13 in Short Blades
 26283 | Lair:1   | Noticed Nergalle
 26315 | Lair:1   | Killed Nergalle
 26466 | Lair:1   | Found a runed translucent door.
 26467 | Lair:1   | Noticed Ukatuu's ghost (journeyman HuFi)
 27246 | Lair:2   | Found a dark tunnel.
 27252 | Volcano  | Entered a volcano
 27770 | Volcano  | Found a burning altar of Makhleb.
 28430 | Volcano  | Reached skill level 14 in Short Blades
 28474 | Lair:2   | Found a hole to the Spider Nest.
 28613 | Lair:2   | Reached XP level 14. HP: 68/80 MP: 17/21
 30132 | Lair:4   | Found a frozen archway.
 30370 | Lair:3   | Reached skill level 15 in Short Blades
 30773 | IceCv    | Entered an ice cave
 30953 | IceCv    | Reached skill level 15 in Dodging
 31609 | IceCv    | Found the +12 glaive of Prune {chop}
 31627 | IceCv    | Got a distressingly furry robe
 31638 | IceCv    | Identified the cursed +1 robe "Jifaogawn" {rF+} (You found
                  | it in an ice cave)
 31652 | IceCv    | Got a dazzling shortbow
 31894 | Lair:3   | Identified the +4 shortbow of Prudence {venom, rF+ rC-
                  | Int+9 Dex+2} (You found it in an ice cave)
 32302 | Orc:2    | Bought a moonstone ring for 165 gold pieces
 32308 | Orc:2    | Bought a scroll of identify for 66 gold pieces
 32482 | D:7      | Bought a scroll of identify for 26 gold pieces
 32534 | D:5      | Bought a twisted ivory ring for 130 gold pieces
 32534 | D:5      | Bought a dark potion for 23 gold pieces
 32541 | D:5      | Bought a glowing cloak for 195 gold pieces
 32888 | Lair:1   | Killed Ukatuu's ghost
 32888 | Lair:1   | Reached skill level 16 in Short Blades
 33034 | Lair:4   | Found a staircase to the Swamp.
 34768 | Lair:6   | Entered Level 6 of the Lair of Beasts
 35239 | Lair:5   | Reached XP level 15. HP: 64/86 MP: 17/23
 36110 | Lair:6   | Reached skill level 1 in Evocations
 37939 | Lair:6   | Reached skill level 17 in Short Blades
 39283 | Lair:6   | Found a staircase to the Slime Pits.
 39290 | Lair:6   | Found a viscous altar of Jiyva.
 39438 | Lair:6   | Got a sparkling copper amulet
 40063 | Lair:1   | Identified a +3 rapier of distortion (a +1 rapier corrupted
                  | by Lugonu)
 40063 | Lair:1   | Received a gift from Lugonu
 40151 | D:9      | Bought a scroll of identify for 30 gold pieces
 40151 | D:9      | Identified the amulet "Poedd" {*Contam rF+ Regen+ Dex+3}
                  | (You found it on level 6 of the Lair of Beasts)
 40276 | D:12     | Reached skill level 5 in Evocations
 40283 | D:12     | Found Uppyeth's Assorted Antiques.
 40298 | D:12     | Bought a potion of curing for 102 gold pieces
 40711 | D:12     | Found a hide-covered altar of Uskayaw.
 41217 | D:12     | Noticed Jorgrun
 41228 | D:12     | Banished Jorgrun
 41849 | Swamp:1  | Entered Level 1 of the Swamp
 41852 | Swamp:1  | Reached XP level 16. HP: 96/96 MP: 25/25
 42008 | Swamp:1  | Noticed a thorn hunter
 42262 | Swamp:1  | Killed a thorn hunter
 42567 | Swamp:1  | Reached skill level 10 in Fighting
 43079 | Swamp:1  | Reached skill level 18 in Short Blades
 44202 | Swamp:2  | Noticed Roxanne
 45046 | Swamp:2  | Killed Roxanne
 45249 | Swamp:3  | Noticed a thorn hunter
 46160 | Swamp:3  | Banished a thorn hunter
 47320 | Swamp:3  | Reached skill level 19 in Short Blades
 47406 | Swamp:4  | Entered Level 4 of the Swamp
 48011 | Swamp:3  | Reached XP level 17. HP: 56/102 MP: 13/27
 48425 | Swamp:4  | Noticed a thorn hunter
 49143 | Swamp:3  | Paralysed by something for 3 turns
 49661 | Spider:1 | Entered Level 1 of the Spider Nest
 50757 | Spider:1 | Noticed Agnes
 50775 | Lair:2   | Killed Agnes
 51554 | Spider:1 | Identified the +12 dagger "Leydud" {pierce, rPois rN+ MR-
                  | MP+9 Dex+4} (You found it on level 1 of the Spider Nest)
 51575 | Spider:1 | Got a scorched ring mail
 51586 | Spider:1 | Identified the +3 ring mail of Limited Liability {rF++
                  | Str+4 Stlth+} (You found it on level 1 of the Spider Nest)
 51767 | Spider:1 | Reached skill level 20 in Short Blades
 51936 | Spider:2 | Reached skill level 15 in Invocations
 53600 | Spider:2 | Reached XP level 18. HP: 80/107 MP: 28/29
 53676 | Spider:2 | Identified the ring "Coczysei" {MP+9 Str+5}
 54173 | Spider:2 | Reached skill level 15 in Stealth
 55789 | Spider:3 | Noticed Arachne
 56798 | Spider:3 | Killed Arachne
 56798 | Spider:3 | Reached skill level 21 in Short Blades
 59185 | Spider:4 | Entered Level 4 of the Spider Nest
 62747 | Spider:4 | Reached XP level 19. HP: 92/112 MP: 27/30
 64333 | Spider:4 | Got a gossamer rune of Zot
 65614 | D:13     | Found a gate to the Vaults.
 67242 | D:15     | Entered Level 15 of the Dungeon
 68338 | D:15     | Found a staircase to the Depths.
 68613 | D:15     | Found a portal to a secret trove of treasure.
 68864 | D:12     | Bought a brass ring for 170 gold pieces
 70440 | Swamp:4  | Found a blossoming altar of Fedhas.
 70460 | Swamp:4  | Reached XP level 20. HP: 91/120 MP: 31/31
 71039 | Swamp:4  | Found a basalt altar of Yredelemnul.
 71058 | Swamp:4  | Got a decaying rune of Zot
 71267 | Lair:1   | Upgraded the game from 0.25-a0-353-ged6d547 to
                  | 0.25-a0-356-g7c9d860
 71403 | Vaults:1 | Entered Level 1 of the Vaults
 72872 | Vaults:1 | Found an ancient bone altar of Kikubaaqudgha.
 73065 | Vaults:1 | Reached skill level 1 in Armour
 73327 | Vaults:2 | Found a magical portal.
 73730 | WizLab   | Gained mutation: You expend magic power (3 MP) to
                  | strengthen your wands. [a neqoxec]
 73786 | WizLab   | Noticed a Hell Sentinel
 74317 | Vaults:2 | Identified the +3 leather armour of the Devil {Str+4 Int+7
                  | Dex+3}
 75752 | Vaults:2 | You fall into a shaft and drop 1 floor!
 75885 | Vaults:3 | You fall into a shaft and drop 1 floor!
 75968 | Vaults:4 | Found Veugyn's Assorted Antiques.
 76178 | Vaults:4 | Bought a pair of glowing gloves for 270 gold pieces
 76178 | Vaults:4 | Bought a scroll of blinking for 270 gold pieces
 76216 | Vaults:4 | Bought a scroll of enchant armour for 270 gold pieces
 76435 | Vaults:4 | Reached XP level 21. HP: 54/131 MP: 31/32
 77485 | Vaults:3 | Reached skill level 5 in Armour
 77753 | Vaults:3 | Found a staircase to the Crypt.
 78259 | Vaults:3 | HP: 6/132 [spark wasp (glowing shapeshifter) (24)]
 78259 | Vaults:3 | HP: 1/132 [spark wasp (glowing shapeshifter) (5)]
 79907 | Vaults:3 | Reached skill level 15 in Fighting
 80467 | Vaults:3 | Noticed Bai Suzhen
 80469 | Vaults:3 | Killed Bai Suzhen
 81052 | Vaults:4 | Noticed Xtahua
 81454 | Vaults:4 | Reached XP level 22. HP: 131/140 MP: 33/33
 81474 | Vaults:4 | Reached skill level 22 in Short Blades
 83559 | Vaults:4 | Paralysed by Xtahua for 5 turns
 83570 | Vaults:4 | Paralysed by Xtahua for 7 turns
 83586 | Vaults:4 | Noticed Sojobo
 83836 | Vaults:4 | Killed Xtahua
 84566 | Vaults:4 | Noticed Frederick
 85169 | Elf:1    | Entered Level 1 of the Elven Halls
 85635 | Elf:1    | Found Fyischy's Gadget Emporium.
 85871 | Elf:1    | Reached skill level 15 in Crossbows
 86333 | Elf:1    | Found a shimmering blue altar of Sif Muna.
 86337 | Elf:1    | Found a transporter.
 86886 | Elf:2    | Found a huge runed translucent gate.
 86886 | Elf:2    | Found a huge runed translucent gate.
 86887 | Elf:2    | Found a huge runed translucent gate.
 86888 | Elf:2    | Found a huge runed translucent gate.
 86895 | Elf:2    | Found a huge runed translucent gate.
 87014 | Elf:2    | Found Seed's Antique Armour Emporium.
 87213 | Elf:2    | Reached XP level 23. HP: 144/144 MP: 34/34
 88509 | Elf:3    | Entered Level 3 of the Elven Halls
 90185 | Elf:3    | Identified the +5 ring mail "Hogicw" {rN+ Int+3 Dex+3}
 90538 | Elf:3    | Identified the +2 leather armour "Yryrr" {*Drain *Slow
                  | Str+9}
 90538 | Elf:3    | Identified the ring of Tuebbe {rC+ Int+4 SInv}
 90556 | Elf:3    | Identified the +7 chain mail of Cyanwa {rElec MP+9 Str+2
                  | Dex+2}
 90557 | Elf:3    | Identified the +6 spear of Pandemonium {flame, Str+7}
 92180 | Elf:3    | Found the +0 mask of the Dragon {MR+ Slay+3 SInv}
 92682 | Depths:1 | Entered Level 1 of the Depths
 92754 | Depths:1 | Found a gateway to Hell.
 93550 | Depths:1 | Found a one-way gate to the infinite horrors of the Abyss.
 93607 | Depths:1 | Reached XP level 24. HP: 150/150 MP: 34/34
 93924 | Depths:1 | Voluntarily entered the Abyss.
 95128 | Abyss:2  | Identified the +0 helmet of the Mackerel {rElec} (You found
                  | it on level 2 of the Abyss)
 95311 | Abyss:2  | Found a corrupted altar of Lugonu.
 95492 | Abyss:2  | Gained mutation: You tend to lose your temper in combat. [a
                  | neqoxec]
 95496 | Abyss:2  | Lost mutation: You expend magic power (3 MP) to strengthen
                  | your wands. [potion of mutation]
 95496 | Abyss:2  | Lost mutation: You tend to lose your temper in combat.
                  | [potion of mutation]
 95496 | Abyss:2  | Gained mutation: You have supernaturally acute eyesight.
                  | (SInv) [potion of mutation]
 95496 | Abyss:2  | Gained mutation: You have large cloven feet. [potion of
                  | mutation]
 95496 | Abyss:2  | Gained mutation: Your mind is acute. (Int +2) [potion of
                  | mutation]
 95496 | Abyss:2  | Gained mutation: You expend magic power (3 MP) to
                  | strengthen your wands. [potion of mutation]
 96178 | Abyss:4  | Found a corrupted altar of Lugonu.
 96293 | Abyss:4  | Found a corrupted altar of Lugonu.
 96297 | Abyss:4  | Got an abyssal rune of Zot
 96298 | Depths:1 | Escaped the Abyss
 97060 | Depths:2 | Found a one-way gate leading to the halls of Pandemonium.
 97062 | Depths:2 | Found Suxzoh's Jewellery Emporium.
 97062 | Depths:2 | Found Ytus's Gadget Shop.
 97064 | Depths:2 | Found Jyxti's Gadget Shop.
 97152 | Depths:2 | Found Qirires's Assorted Antiques.
 97160 | Depths:2 | Bought a scintillating steel ring for 140 gold pieces
 97160 | Depths:2 | Bought a small golden amulet for 140 gold pieces
 97160 | Depths:2 | Identified the cursed ring of Uxeasteetu {rF+ rC+ Dex-2}
                  | (You bought it in a shop on level 2 of the Depths)
 97191 | Depths:2 | Noticed Mara
 97217 | Depths:2 | Noticed Dietz's illusion
 97623 | Depths:2 | Noticed Dietz's illusion
 97661 | Depths:2 | Killed Mara
 98012 | Depths:2 | Noticed a juggernaut
 99217 | Depths:2 | Noticed a golden dragon
 99264 | Depths:2 | Killed a juggernaut
 99264 | Depths:2 | Reached XP level 25. HP: 121/155 MP: 36/36
101017 | Depths:3 | Gained mutation: You are occasionally teleported next to
                  | monsters. [a neqoxec]
101041 | Depths:3 | Lost mutation: You have large cloven feet. [potion of
                  | mutation]
101041 | Depths:3 | Lost mutation: You are occasionally teleported next to
                  | monsters. [potion of mutation]
101041 | Depths:3 | Lost mutation: You expend magic power (3 MP) to strengthen
                  | your wands. [potion of mutation]
101041 | Depths:3 | Gained mutation: You are robust. (+10% HP) [potion of
                  | mutation]
101041 | Depths:3 | Gained mutation: You can translocate small distances at
                  | will. [potion of mutation]
101489 | Depths:3 | Found Wirota's Book Shoppe.
101490 | Depths:3 | Identified the +6 falchion of Pisucso {flame, rElec MR+
                  | Int-2 Stlth+} (You found it on level 3 of the Depths)
101496 | Depths:3 | Found Coxziod's Jewellery Shoppe.
101496 | Depths:3 | Found Mubriun's Magic Scroll Emporium.
101499 | Depths:3 | Found Caadag's Weapon Emporium.
104074 | Depths:3 | Bought a scroll of enchant weapon for 150 gold pieces
104074 | Depths:3 | Bought a scroll of enchant weapon for 150 gold pieces
104074 | Depths:3 | Bought a scroll of enchant weapon for 150 gold pieces
104077 | Depths:3 | Bought a scroll of blinking for 150 gold pieces
104077 | Depths:3 | Bought a scroll of enchant armour for 150 gold pieces
104077 | Depths:3 | Bought a scroll of teleportation for 60 gold pieces
104078 | Depths:3 | Bought a scroll of magic mapping for 70 gold pieces
104078 | Depths:3 | Bought a scroll of fog for 40 gold pieces
104318 | Depths:3 | Found a gateway to a ziggurat.
105600 | Depths:4 | Reached XP level 26. HP: 100/175 MP: 34/38
106444 | Depths:4 | Noticed Mennas
106579 | Depths:4 | Killed Mennas
106889 | Depths:5 | Entered Level 5 of the Depths
107754 | Depths:5 | Found a corrupted altar of Lugonu.
107779 | Depths:5 | Reached skill level 23 in Short Blades
109089 | Depths:5 | Found a gate to the Realm of Zot.
109450 | Depths:5 | Identified the ring "Qauseogg" {rF+ Int+4} (You found it on
                  | level 5 of the Depths)
109860 | Zot:1    | Entered Level 1 of the Realm of Zot
110722 | Zot:1    | Noticed a Killer Klown
110724 | Zot:1    | Noticed an orb of fire
110729 | Zot:1    | Noticed Qauwn's ghost (legendary FoFi)
110734 | Zot:1    | Found a transporter.
110742 | Zot:1    | Found a transporter.
111171 | Zot:1    | Got a coiled copper ring
111346 | Zot:1    | Identified the ring "Qeugey" {Fire MR+ Int+3 Stlth+} (You
                  | found it on level 1 of the Realm of Zot)
111391 | Zot:1    | Reached skill level 24 in Short Blades
112039 | Zot:1    | Reached XP level 27. HP: 74/181 MP: 38/38
112630 | Zot:2    | Noticed an orb of fire
112669 | Zot:2    | Killed an orb of fire
112669 | Zot:2    | Reached skill level 25 in Short Blades
114402 | Zot:2    | Reached skill level 26 in Short Blades
116842 | Zot:3    | Reached skill level 27 in Short Blades
118677 | Zot:4    | Noticed an orb of fire
118719 | Zot:4    | Killed an orb of fire
118810 | Zot:5    | Entered Level 5 of the Realm of Zot
119994 | Zot:5    | Noticed an orb of fire
119994 | Zot:5    | Noticed a Killer Klown
119994 | Zot:5    | Noticed a Killer Klown
119994 | Zot:5    | Noticed a Killer Klown
119994 | Zot:5    | Noticed a Killer Klown
119994 | Zot:5    | Noticed a Killer Klown
120047 | Abyss:1  | Killed Jorgrun
120372 | Zot:5    | Escaped the Abyss
120373 | Zot:5    | Corrupted Zot:5
120404 | Zot:5    | Killed a Killer Klown
120407 | Zot:5    | Noticed an ancient lich
120410 | Zot:5    | Killed an ancient lich
120441 | Zot:5    | Killed an ancient lich
120492 | Zot:5    | Killed an orb of fire
120874 | Zot:4    | Learned a level 1 spell: Apportation
121081 | Zot:5    | Noticed an ancient lich
121120 | Zot:5    | Noticed a Killer Klown
121159 | Zot:5    | Killed a Killer Klown
121627 | Zot:5    | Paralysed by an ancient lich for 7 turns
121638 | Zot:5    | Killed an ancient lich
121939 | Zot:5    | Noticed a Killer Klown
122003 | Zot:5    | Killed a Killer Klown
122186 | Zot:5    | Gained mutation: You occasionally shout uncontrollably at
                  | your foes. [an orb of fire]
122220 | Zot:5    | Gained mutation: You are clumsy. (Dex -2) [an orb of fire]
122226 | Zot:5    | Killed an orb of fire
122422 | Zot:5    | Noticed a Killer Klown
122441 | Zot:5    | Banished a Killer Klown
122589 | Zot:5    | Noticed a Killer Klown
122606 | Zot:5    | Killed a Killer Klown
122671 | Zot:5    | Noticed an orb of fire
122675 | Zot:5    | Gained mutation: Your body sometimes deteriorates upon
                  | taking damage. [an orb of fire]
122676 | Zot:5    | Gained mutation: Armour fits poorly on your strangely
                  | shaped body. [an orb of fire]
122678 | Zot:5    | Lost mutation: You have supernaturally acute eyesight.
                  | (SInv) [an orb of fire]
122683 | Zot:5    | Gained mutation: Your body often deteriorates upon taking
                  | damage. [an orb of fire]
122683 | Zot:5    | Gained mutation: You sometimes yell uncontrollably at your
                  | foes. [an orb of fire]
122687 | Zot:5    | Gained mutation: Scrolls take you a little longer to read.
                  | [an orb of fire]
122697 | Zot:5    | Gained mutation: You are weak. (Str -2) [an orb of fire]
122703 | Zot:5    | Killed an orb of fire
123093 | Zot:4    | Lost mutation: You are weak. (Str -2) [potion of mutation]
123093 | Zot:4    | Lost mutation: Scrolls take you a little longer to read.
                  | [potion of mutation]
123093 | Zot:4    | Gained mutation: Scrolls take you a little longer to read.
                  | [potion of mutation]
123093 | Zot:4    | Gained mutation: You tend to lose your temper in combat.
                  | [potion of mutation]
123093 | Zot:4    | Gained mutation: You are partially covered in large bone
                  | plates. (SH +4) [potion of mutation]
123094 | Zot:4    | Lost mutation: Scrolls take you a little longer to read.
                  | [potion of mutation]
123094 | Zot:4    | Lost mutation: You are clumsy. (Dex -2) [potion of
                  | mutation]
123094 | Zot:4    | Lost mutation: You tend to lose your temper in combat.
                  | [potion of mutation]
123094 | Zot:4    | Gained mutation: You are clumsy. (Dex -2) [potion of
                  | mutation]
123094 | Zot:4    | Gained mutation: You have sharp fingernails. [potion of
                  | mutation]
123264 | Zot:5    | Got the Orb of Zot
123296 | Zot:5    | Killed a Killer Klown
123308 | Zot:5    | Killed a Killer Klown
124188 | D:4      | Noticed Damn the pandemonium lord
124269 | D:1      | Noticed Koezur the pandemonium lord
124285 | D:1      | Killed from afar by Koezur the pandemonium lord

Levels and vault maps discovered:
D:1:      scummos_arrival_forest, layout_loops_ring
D:2:      layout_basic, fedhas_altar_1, st_stairs_13, kennysheep_jessica_study
D:3:      layout_rooms
D:4:      layout_cave_pools, nicolae_overflow_crystal_walls, elyvilon_altar_3,
          first_ration, nicolae_ossuary_entry_giza
D:5:      layout_basic, lemuel_doored_altar, slow_altar_2, serial_aquarium,
          aquarium_bridge_straight [aquarium_subvault_bridge,
          aquarium_subvault_window, aquarium_subvault_bridge,
          aquarium_subvault_wall], aquarium_bridge_square
          [aquarium_subvault_window, aquarium_subvault_bridge,
          aquarium_subvault_window, aquarium_subvault_bridge],
          aquarium_window_1, aquarium_window_2, aquarium_window_fake,
          aquarium_window_1, aquarium_view_2b, aquarium_balcony_5b,
          serial_shops, nicolae_shop_statue_plus, portal_sewer_entry_b,
          uniq_crazy_yiuf_cottage
D:6:      layout_rooms, kennysheep_mini_moat, overflow_temple_1_default,
          minmay_temple_entry_nine_rooms, serial_shops, shop, xom_redecorated,
          uniq_pikel
D:7:      layout_rooms, nicolae_ru_awakened_eye, serial_shops, shop, shop, shop,
          uniq_menkaure, uniq_harold
D:8:      layout_basic, kennysheep_mini, zin_purify, grunt_decor_fettered,
          uniq_psyche
D:9:      layout_stronghold, overflow_temple_1_default, vehumet_altar_wand_db,
          lemuel_crystal_altar, tso_altar, overflow_temple_1_default,
          serial_shops, shop
D:10:     layout_cave_pods, hangedman_ranch [blue_anna_fruit_fields]
D:11:     layout_roguey, erik_lair_island, hiddenorc1_lemuel,
          minmay_fractal_squares_5
D:12:     layout_stronghold, serial_shops, shop, basic_altar, uniq_jorgrun
D:13:     layout_loops_corners, grunt_vaults_entry_tiered
D:14:     layout_basic, minmay_misc_feat_nine_boxes
D:15:     grunt_enter_depths_snipers, layout_loops_ring,
          minmay_stone_trees_large, nicolae_trove_entry_crystal,
          hangedman_abyss_or_decor_passed, einodemon_crawler_minivault
Temple:   corrupted_temple
Lair:1:   layout_roguey, gammafunk_ghost_grave, hangedman_lair_generics_rect,
          grunt_megastairs_5, uniq_nergalle
Lair:2:   layout_roguey, spider_nest_entry_webs, enter_volcano_2
Lair:3:   layout_chaotic_city
Lair:4:   layout_misc_corridors, minmay_swamp_entry_reptiles,
          portal_ice_cave_entry_imps
Lair:5:   layout_misc_corridors, serial_bayou_pond_c, fungi_pond_lemuel,
          grunt_megastairs_4
Lair:6:   minmay_lair_end_enchanted_forest, layout_long_grid, slime_altar_1,
          kennysheep_basilisk_garden
Swamp:1:  layout_basic_swamp, evilmike_swamp_ruin_house_5
Swamp:2:  layout_basic_swamp, hangedman_swamp_blocks, uniq_roxanne
Swamp:3:  layout_falls_marsh, nicolae_swamp_trees_clearing
Swamp:4:  byrel_swamp_growth_death_and_undeath, layout_basic_swamp
Spider:1: nicolae_spider_mines_3, guppyfry_spider_mini_3, uniq_agnes
Spider:2: spider_temple_joshua, minivault_29, nicolae_spider_cling_halls
Spider:3: layout_spider_delve, uniq_arachne
Spider:4: guppyfry_spider_rune
Orc:1:    layout_caves, uniq_fannar
Orc:2:    grunt_orc_community_town_hall, layout_diamond_mine,
          grunt_orc_community_big_house_1, grunt_orc_community_big_house_2,
          grunt_orc_community_house_1, grunt_orc_community_house_1,
          grunt_orc_community_house_3, grunt_orc_community_house_1,
          grunt_orc_community_house_2, grunt_orc_community_house_2,
          roderic_batcave, uniq_azrael
Elf:1:    gammafunk_sealed_library, layout_loops_cross, serial_shops,
          shop_fountains, hangedman_elf_represent, grunt_ministairs_14,
          kb_rosetta
Elf:2:    layout_gridlike, serial_shops, shop, onia_ninara_cookie
Elf:3:    elf_hall, layout_rooms, grunt_ministairs_5
Vaults:1: v_misc_2, ontoclasm_vaults_ring_square, vaults_dpeg_doors,
          vaults_room_pools, vaults_room_hallway, v_misc_13,
          nicolae_vaults_alarming, vaults_standard_mumra_x,
          layout_vaults_omnigrid, basic_altar
Vaults:2: ontoclasm_vaults_eye, nicolae_vaults_little_squares_4,
          nicolae_vaults_circle_grid_a, vaults_mumra_chevron,
          nicolae_vaults_triangles, vaults_room_grid, v_misc_5,
          vaults_dpeg_spiral, vaults_mumra_hex, vaults_room_stairs_pillars,
          ontoclasm_vaults_ligature, vaults_mumra_hexcomb, layout_vaults_maze,
          infiniplex_enter_wizlab_glasses
Vaults:3: nicolae_vaults_angled_halls, st_spiral_rooms, hangedman_vaults_unwind,
          ontoclasm_vaults_hangar, nicolae_vaults_little_squares_5,
          minmay_crypt_entry_simple_statues, nicolae_vaults_bisected_inception,
          grunt_vaults_swirl, nicolae_vaults_border_crossing,
          ontoclasm_vaults_shuriken, vaults_dpeg_ring, hangedman_vaults_slice,
          grunt_vaults_hallway_long, nicolae_vaults_rhombus_6,
          nicolae_vaults_yaktaur_gun_rack, v_misc_1, layout_vaults_ring,
          uniq_bai_suzhen
Vaults:4: special_room_vaults [special_room_orc], hangedman_vaults_variations,
          nicolae_vaults_network_square, v_misc_27, hangedman_vaults_stream,
          grunt_vaults_focal, vaults_room_door_ring, dpeg_vaults_monster_box,
          hangedman_vaults_nails, nicolae_vaults_circle_grid_b,
          ontoclasm_vaults_gateway, ontoclasm_vaults_loading_screen,
          layout_vaults_omnibox, serial_shops, shop, uniq_xtahua, uniq_sojobo,
          uniq_frederick
Depths:1: layout_gridlike, abyss_entry, minmay_misc_feat_four_crosses,
          hell_entry, kennysheep_generic_room_5
Depths:2: cheibrodos_salmonella, layout_honeycomb, serial_shops,
          nicolae_shop_overgrown_old_shop, grunt_hell_entry_dis_old, pan_entry,
          glass_columns_c, minmay_shop_grove, uniq_mara
Depths:3: cheibrodos_tormentor_scu, layout_cave_pools, enter_ziggurat_f,
          hangedman_abyss_or_decor_slice, hell_entry, grunt_pan_entry_zigzag,
          minmay_shoptagon, minmay_staircase_statues
Depths:4: kennysheep_spiral_hall, layout_cave_pools, abyss_entry,
          kennysheep_flooded_box, hellmouth_1, serial_bayou_shore_a, uniq_mennas
Depths:5: grunt_twist_and_shout, layout_cave_pools, patterned_corridor,
          abyss_entry_flame_altar, lightli_too_deep
Zot:1:    layout_onion_interference, gammafunk_ghost_arena
Zot:2:    lemuel_draconian_sentries_small, layout_basic, skrybe_zot_glass_1
Zot:3:    layout_twisted_circle, lemuel_elevator
Zot:4:    layout_onion_interference
Zot:5:    layout_misc_corridors, st_stairs_7

Skill      XL: |  1  2  3  4  5  6  7  8  9 10 11 12 13 14 15 16 17 18 19 20 21 22 23 24 25 26 27 |
---------------+----------------------------------------------------------------------------------+-----
Short Blades   | 1 2 3 4 5 6 8 9 10 11 14 16 17 19 20 21 22 24 27 | 27.0
Crossbows      | 5 6 7 9 10 16 20 | 20.0
Shields        | 1 2 3 4 5 |  5.6
Fighting       | 3 6 7 9 10 11 13 15 21 | 21.8
Dodging        | 3 6 9 11 13 15 17 20 | 20.0
Invocations    | 4 8 10 12 14 15 19 22 | 22.0
Stealth        | 6 10 11 14 17 18 20 22 | 22.0
Evocations     | 5 |  5.0
Armour         | 4 5 |  5.0

Action                   |  1- 3 |  4- 6 |  7- 9 | 10-12 | 13-15 | 16-18 | 19-21 | 22-24 | 25-27 || total
-------------------------+-------+-------+-------+-------+-------+-------+-------+-------+-------++-------
Melee: Short sword       |    59 |   332 |   450 |   280 |    29 |    27 |       |       |       ||  1177
       Dagger            |       |       |       |  1146 |  1841 |  1164 |  1155 |   299 |   102 ||  5707
       Scimitar          |       |       |       |       |    66 |    62 |    32 |    88 |       ||   248
       Rapier            |       |       |       |       |   147 |   711 |   925 |   532 |   185 ||  2500
       Pair of quick bla |       |       |       |       |       |       |       |   693 |  2447 ||  3140
       Falchion          |       |       |       |       |       |       |       |       |    19 ||    19
 Fire: Hand crossbow     |     2 |    25 |   172 |    34 |    54 |   198 |    61 |   206 |   156 ||   908
       Triple crossbow   |       |       |       |       |       |       |       |     1 |       ||     1
Throw: Dart              |     1 |     1 |    49 |    37 |     1 |       |       |       |       ||    89
       Boomerang         |       |       |     2 |     1 |       |     2 |       |       |       ||     5
Invok: Bend Space        |       |       |       |     1 |     1 |     6 |     4 |     7 |     6 ||    25
       Banish            |       |       |       |       |     2 |    11 |     4 |     6 |    30 ||    53
       Brand Weapon With |       |       |       |       |     1 |       |       |       |       ||     1
       Depart the Abyss  |       |       |       |       |       |       |       |     1 |     1 ||     2
       Corrupt           |       |       |       |       |       |       |       |       |     1 ||     1
       Enter the Abyss   |       |       |       |       |       |       |       |       |     1 ||     1
 Abil: Blink             |       |       |       |       |       |       |       |       |     1 ||     1
Evoke: Wand              |       |       |       |     9 |    10 |     5 |     6 |    24 |     7 ||    61
       Phial of floods   |       |       |       |       |       |       |       |     1 |     2 ||     3
       Phantom mirror    |       |       |       |       |       |       |       |       |     1 ||     1
  Use: Scroll            |       |       |    23 |       |    35 |    13 |    15 |    21 |    39 ||   146
       Potion            |       |       |     9 |     1 |     4 |     4 |     3 |     8 |    35 ||    64
 Stab: Invisible         |       |       |     1 |       |     1 |       |       |       |     8 ||    10
       Sleeping          |       |       |     1 |    21 |    42 |    22 |    49 |    40 |    43 ||   218
       Distracted        |       |       |       |     2 |     7 |     9 |    24 |    19 |    10 ||    71
       Paralysed         |       |       |       |       |     1 |       |       |       |       ||     1
       Held in net/web   |       |       |       |       |       |     4 |       |       |       ||     4
  Eat: Chunk             |       |    11 |    18 |    48 |    61 |    61 |    58 |    41 |    70 ||   368
       Ration            |       |       |     2 |       |       |     4 |       |    10 |     8 ||    24
Armor: Ring mail         |    11 |    63 |    72 |    12 |       |       |    36 |   172 |   401 ||   767
       Skin              |       |       |     4 |       |    66 |       |       |       |       ||    70
       Robe              |       |       |       |    32 |    45 |    16 |     1 |     2 |       ||    96
       Leather armour    |       |       |       |       |     2 |       |       |       |       ||     2
       Swamp dragon scal |       |       |       |       |       |   397 |   240 |       |       ||   637
Dodge: Dodged            |    39 |   189 |   206 |   561 |  1280 |  1734 |  1155 |   911 |  1513 ||  7588
Block: Buckler           |       |    92 |   185 |   517 |   913 |   887 |   598 |   223 |       ||  3415
       Other             |       |       |       |       |       |       |       |       |    11 ||    11
       Rpst.: Scimitar   |       |       |       |       |    10 |    14 |     7 |    16 |       ||    47
       Falchion          |       |       |       |       |       |       |       |       |     6 ||     6

Table legend:
 A = Non-vault XP
 B = Vault XP
 C = Vault XP percentage of total XP
 D = Non-vault monster count
 E = Vault monster count
 F = Vault count percentage of total count
                 A         B        C        D         E       F
            +---------+---------+-------+---------+---------+-------
      Total |  829580 |  541330 |  39.5 |    1584 |     840 |  34.7
            +---------+---------+-------+---------+---------+-------
        D:1 |      34 |       0 |   0.0 |      18 |       0 |   0.0
        D:2 |      33 |      43 |  56.6 |      13 |       4 |  23.5
        D:3 |      85 |       0 |   0.0 |      24 |       0 |   0.0
        D:4 |     115 |      20 |  14.8 |       6 |       3 |  33.3
        D:5 |     527 |     708 |  57.3 |      25 |       7 |  21.9
        D:6 |     543 |       0 |   0.0 |      12 |       0 |   0.0
        D:7 |    1422 |    1164 |  45.0 |      12 |       2 |  14.3
        D:8 |    1703 |     418 |  19.7 |      23 |       1 |   4.2
        D:9 |    3174 |      97 |   3.0 |      46 |       2 |   4.2
       D:10 |    3538 |    2951 |  45.5 |      34 |      11 |  24.4
       D:11 |    4416 |    1921 |  30.3 |      48 |      25 |  34.2
       D:12 |    8346 |    2072 |  19.9 |      49 |       1 |   2.0
       D:13 |    1204 |    8655 |  87.8 |      10 |      25 |  71.4
       D:14 |    8637 |       0 |   0.0 |      27 |       0 |   0.0
       D:15 |   18009 |    3655 |  16.9 |      51 |       8 |  13.6
     Lair:1 |    3275 |    3514 |  51.8 |      14 |       9 |  39.1
     Lair:2 |    6051 |    2589 |  30.0 |      20 |       3 |  13.0
     Lair:3 |    9755 |     159 |   1.6 |      27 |       6 |  18.2
     Lair:4 |    3140 |    1207 |  27.8 |      16 |      12 |  42.9
     Lair:5 |   10226 |    4146 |  28.8 |      37 |      21 |  36.2
     Lair:6 |   11352 |    6350 |  35.9 |      38 |      32 |  45.7
    Swamp:1 |   15499 |       0 |   0.0 |      26 |       0 |   0.0
    Swamp:2 |    5935 |    1963 |  24.9 |      19 |       1 |   5.0
    Swamp:3 |   15683 |   12266 |  43.9 |      39 |      12 |  23.5
    Swamp:4 |   12814 |   18503 |  59.1 |      23 |      29 |  55.8
   Spider:1 |   13722 |    6720 |  32.9 |      44 |      16 |  26.7
   Spider:2 |   10992 |   21546 |  66.2 |      39 |      70 |  64.2
   Spider:3 |   19403 |    6805 |  26.0 |      54 |       5 |   8.5
   Spider:4 |   10376 |   16696 |  61.7 |      33 |      36 |  52.2
      Orc:1 |    1257 |    1413 |  52.9 |      21 |       7 |  25.0
      Orc:2 |    2195 |    8114 |  78.7 |      23 |      86 |  78.9
      Elf:1 |   16558 |    8911 |  35.0 |      31 |      15 |  32.6
      Elf:2 |   10284 |   30387 |  74.7 |      17 |      48 |  73.8
      Elf:3 |   13560 |   48743 |  78.2 |      21 |      34 |  61.8
   Vaults:1 |   23758 |    1738 |   6.8 |      36 |       3 |   7.7
   Vaults:2 |   18762 |   15733 |  45.6 |      24 |      24 |  50.0
   Vaults:3 |   28898 |   41051 |  58.7 |      50 |      47 |  48.5
   Vaults:4 |   42817 |   35240 |  45.1 |      69 |      56 |  44.8
   Depths:1 |   14221 |    2873 |  16.8 |      22 |       2 |   8.3
   Depths:2 |   27360 |   40160 |  59.5 |      33 |      20 |  37.7
   Depths:3 |   48361 |   14830 |  23.5 |      55 |      21 |  27.6
   Depths:4 |   55691 |   16346 |  22.7 |      62 |       8 |  11.4
   Depths:5 |   17895 |   22728 |  55.9 |      19 |      18 |  48.6
      Zot:1 |   49209 |       0 |   0.0 |      36 |       0 |   0.0
      Zot:2 |   67419 |    6087 |   8.3 |      36 |       4 |  10.0
      Zot:3 |   28595 |    3018 |   9.5 |      19 |       1 |   5.0
      Zot:4 |   54861 |       0 |   0.0 |      28 |       0 |   0.0
      Zot:5 |   31709 |  104290 |  76.7 |      21 |      32 |  60.4
    Abyss:1 |   12358 |    1664 |  11.9 |      11 |       1 |   8.3
    Abyss:2 |   44438 |     857 |   1.9 |      82 |       1 |   1.2
    Abyss:4 |   19365 |    2451 |  11.2 |      41 |       3 |   6.8
    Ossuary |       0 |     412 | 100.0 |       0 |      31 | 100.0
      IceCv |       0 |    3775 | 100.0 |       0 |      19 | 100.0
    Volcano |       0 |    2931 | 100.0 |       0 |      11 | 100.0
     WizLab |       0 |    3410 | 100.0 |       0 |       7 | 100.0
            +---------+---------+-------+---------+---------+-------
